 Dungeon Crawl Stone Soup version 0.31-a0-187-gba352fbbf7 (webtiles) character file.

Game seed: 10199417834422675587

115 qw the Skirmisher (level 4, 0/25 HPs)
             Began as a Deep Elf Hunter on June 22, 2023.
             Slain by an orc
             ... wielding a +0 flail
              (2 damage)
             ... on level 4 of the Dungeon.
             The game lasted 00:00:54 (1706 turns).

qw the Skirmisher (Deep Elf Hunter)                 Turns: 1706, Time: 00:00:55

Health: 0/25       AC:  8    Str: 10    XL:     4   Next: 68%
Magic:  6/6        EV:  9    Int: 14    God:
Gold:   101        SH:  0    Dex: 18    Spells: 3/3 levels left

rFire   + . .        Y - +0 shortbow
rCold   . . .        (shield currently unavailable)
rNeg    . . .        e - +0 scale mail
rPois   .            g - +1 helmet
rElec   .            (no cloak)
rCorr   .            (no gloves)
SInv    .            (no boots)
Will    .....        (no amulet)
Stlth   +            h - ring of protection from fire
HPRegen 0.24/turn    (no ring)
MPRegen 0.10/turn

%: no passive effects
@: lethally poisoned (0 -> -13)
A: no striking features
a: no special abilities


You were on level 4 of the Dungeon.
You visited 1 branch of the dungeon, and saw 4 of its levels.

You collected 101 gold pieces.


   Skills:
 - Level 1.5 Fighting
 + Level 8.1 Ranged Weapons
 - Level 2.4 Dodging
 - Level 1.2 Stealth


You had 3 spell levels left.
You didn't know any spells.
Your spell library was empty.

Inventory:

Hand Weapons
 Y - a +0 shortbow (weapon)
Armour
 e - a +0 scale mail (worn)
 g - a +1 helmet (worn)
Jewellery
 h - a ring of protection from fire (left hand)
Scrolls
 d - a scroll of identify
Potions
 a - a potion of curing
 f - 2 potions of heal wounds
 j - a potion of cancellation {unknown}
 k - a potion of mutation {unknown}

Dungeon Overview and Level Annotations

Branches:
Dungeon (3/15)

Altars:


Message History

You shoot an arrow. The arrow hits the endoplasm.
You kill the endoplasm!
An orc priest and 2 orcs come into view.
The orc priest is wielding a +2 dagger of venom.
The orc shouts!
The orc priest shouts!
The orc shouts!
The orc priest moves out of view.
You shoot an arrow. The arrow closely misses the orc.
You shoot an arrow. The arrow hits the orc.
The orc is severely wounded.
You shoot an arrow. The arrow hits the orc!
You kill the orc!
You shoot an arrow. The arrow barely misses the orc priest.
You shoot an arrow. The arrow barely misses the orc priest.
You shoot an arrow. The arrow hits the orc priest.
The orc priest is lightly wounded.
The orc priest closely misses you.
The orc priest hits you with a +2 dagger of venom.
You are poisoned.
The orc hits you but does no damage.
You shoot an arrow. The arrow hits the orc priest.
The orc priest is moderately wounded.
You feel very sick. The orc hits you but does no damage.
The orc priest hits you with a +2 dagger of venom.
You are more poisoned.
You shoot an arrow. The arrow hits the orc priest.
The orc priest is moderately wounded.
You feel very sick. The orc barely misses you.
The orc priest barely misses you.
You shoot an arrow. The arrow hits the orc priest.
The orc priest is severely wounded.
You feel very sick.
The orc priest hits you with a +2 dagger of venom.
You are more poisoned.
The orc barely misses you.
You shoot an arrow. The arrow hits the orc priest!
You kill the orc priest!
You feel very sick. The orc hits you with a +0 flail.
You die...

#.# #######.. #.#
#)o...... #.# #@#
#.# #.# #.# #.#
#.# #.#
#####.####.#####.#
#................#
#.################
#.# #.#


You could see an orc.

Vanquished Creatures
  An orc priest (D:4)
  An orc wizard (D:2)
  2 worms (D:3)
  2 dart slugs
  9 orcs
  8 endoplasms
  A giant cockroach (D:2)
  5 goblins
  10 hobgoblins
  3 jackals (D:1)
  7 kobolds
  3 quokkas
  A ball python (D:2)
  5 bats
  4 frilled lizards
  2 rats (D:2)
64 creatures vanquished.

Notes
Turn   | Place    | Note
-------+----------+-------------------------------------------
     0 | D:1      | qw the Deep Elf Hunter began the quest for the Orb.
     0 | D:1      | Reached XP level 1. HP: 12/12 MP: 3/3
     0 | D:1      | 0 ||| qw: Version: 0.3-a-9-g12657ce
     0 | D:1      | 0 ||| qw: Game counter: 2306
     0 | D:1      | 0 ||| qw: Always use a shield: true
     0 | D:1      | 0 ||| qw: God list: Okawaru
     0 | D:1      | 0 ||| qw: Allow faded altars: false
     0 | D:1      | 0 ||| qw: Do Orc after D:15 true
     0 | D:1      | 0 ||| qw: Do second Lair branch before Depths: true
     0 | D:1      | 0 ||| qw: Lair rune preference: random
     0 | D:1      | 0 ||| qw: Plans: Normal
     0 | D:1      | 0 ||| PLANNING D:1-11
    48 | D:1      | 48 ||| FLEEEEING.
    49 | D:1      | 49 ||| FLEEEEING.
    50 | D:1      | 50 ||| FLEEEEING.
   117 | D:1      | Reached XP level 2. HP: 16/16 MP: 4/4
   124 | D:1      | Reached skill level 6 in Ranged Weapons
   497 | D:1      | 497 ||| UPGRADING to +0 helmet.
   502 | D:1      | 502 ||| UPGRADING to ring of protection from fire.
   503 | D:1      | 503 ||| READING scroll labelled KOPAXT VIMISER.
   504 | D:1      | 504 ||| READING scroll labelled VAEFOO UBOETTAELO.
   505 | D:1      | 505 ||| READING scroll labelled MOKHLI ZOCRYUTH.
   506 | D:1      | 506 ||| READING scroll labelled TONWIB TOIJU.
   607 | D:1      | 607 ||| DROPPING scroll of butterflies.
   626 | D:2      | 626 ||| STAIRDANCE
   631 | D:1      | Reached XP level 3. HP: 11/20 MP: 5/5
   893 | D:2      | Reached skill level 7 in Ranged Weapons
  1163 | D:2      | 1163 ||| READING scroll labelled BUOR ASKAE.
  1330 | D:3      | Reached XP level 4. HP: 25/25 MP: 6/6
  1345 | D:3      | 1345 ||| READING scroll of enchant armour.
  1345 | D:3      | 1345 ||| ENCHANTING +0 helmet.
  1501 | D:3      | 1501 ||| FLEEEEING.
  1502 | D:3      | 1502 ||| FLEEEEING.
  1503 | D:3      | 1503 ||| FLEEEEING.
  1504 | D:3      | 1504 ||| FLEEEEING.
  1505 | D:3      | 1505 ||| FLEEEEING.
  1509 | D:3      | 1509 ||| FLEEEEING.
  1511 | D:3      | 1511 ||| FLEEEEING.
  1512 | D:3      | 1512 ||| FLEEEEING.
  1513 | D:3      | 1513 ||| FLEEEEING.
  1514 | D:3      | 1514 ||| FLEEEEING.
  1515 | D:3      | 1515 ||| FLEEEEING.
  1517 | D:3      | 1517 ||| FLEEEEING.
  1519 | D:3      | 1519 ||| STAIRDANCE
  1534 | D:2      | 1534 ||| UPGRADING to +0 scale mail.
  1544 | D:2      | 1544 ||| DROPPING +0 leather armour.
  1545 | D:2      | 1545 ||| DROPPING +0 scale mail.
  1546 | D:2      | 1546 ||| READING 2 scrolls labelled SUIFFUJEME.
  1547 | D:2      | 1547 ||| DRINKING 3 green potions.
  1548 | D:2      | 1548 ||| READING 3 scrolls of identify.
  1548 | D:2      | 1548 ||| IDENTIFYING fuming golden potion
  1549 | D:2      | 1549 ||| READING 2 scrolls of identify.
  1549 | D:2      | 1549 ||| IDENTIFYING black potion
  1550 | D:2      | 1550 ||| DROPPING potion of invisibility.
  1551 | D:2      | 1551 ||| DROPPING scroll of fog.
  1558 | D:3      | 1558 ||| STAIRDANCE
  1561 | D:2      | Reached skill level 8 in Ranged Weapons
  1665 | D:3      | You fall into a shaft and drop 1 floor!
  1706 | D:4      | HP: 2/25 [poisoned by an orc priest]
  1706 | D:4      | Slain by an orc

Levels and vault maps discovered:
D:1:      moated_graveyard_arrival, layout_rooms,
          nicolae_kite_square_tiling_tiny
D:2:      layout_basic, minmay_misc_feat_secret_circle
D:3:      layout_rooms, serial_corexii_hall, corexii_hall_statues_t,
          chequers_hall_statues_corner_a, corexii_hall_statues_x,
          chequers_hall_statues_wall_a
D:4:      layout_loops_ring, minmay_temple_entry_from_below_b,
          serial_park_tiny_1

Skill      XL: |  1  2  3  4 |
---------------+-------------+-----
Ranged Weapons | 6 7 8 |  8.1
Fighting       | |  1.5
Dodging        | |  2.4
Stealth        | |  1.2

Action                     |  1- 3 |  4- 6 || total
---------------------------+-------+-------++-------
   Fire: Shortbow          |   130 |    58 ||   188
    Use: Scroll            |     5 |     4 ||     9
         Potion            |       |     1 ||     1
 Armour: Leather armour    |     8 |       ||     8
         Scale mail        |       |    15 ||    15
  Dodge: Dodged            |    16 |    16 ||    32

Table legend:
 A = Non-vault XP
 B = Vault XP
 C = Vault XP percentage of total XP
 D = Non-vault monster count
 E = Vault monster count
 F = Vault count percentage of total count
                 A         B        C        D         E       F
            +---------+---------+-------+---------+---------+-------
      Total |     206 |       0 |   0.0 |      64 |       0 |   0.0
            +---------+---------+-------+---------+---------+-------
        D:1 |      44 |       0 |   0.0 |      23 |       0 |   0.0
        D:2 |      63 |       0 |   0.0 |      17 |       0 |   0.0
        D:3 |      47 |       0 |   0.0 |      19 |       0 |   0.0
        D:4 |      52 |       0 |   0.0 |       5 |       0 |   0.0
            +---------+---------+-------+---------+---------+-------
